 Dungeon Crawl Stone Soup version 0.28.0-53-g5a82cb258f (webtiles) character file.

Game seed: 16621844620767910837

638 quixfox the Chopper (level 7, -4/62 HPs)
             Began as a Minotaur Fighter on July 13, 2022.
             Succumbed to a gnoll sergeant's poison
             ... on level 4 of the Dungeon.
             The game lasted 00:07:03 (3207 turns).

quixfox the Chopper (Minotaur Fighter)              Turns: 3207, Time: 00:07:03

Health: -4/62      AC: 18    Str: 26 (29) XL:     7   Next: 25%
Magic:  6/6        EV:  6    Int:  3 (5)  God:
Gold:   221        SH:  4    Dex:  6 (9)  Spells: 6/6 levels left

rFire   . . .      SeeInvis .   a - +0 war axe (venom)
rCold   . . .      Faith    .   c - +0 buckler
rNeg    . . .      Spirit   .   k - +0 plate armour
rPois   .          Reflect  .   (helmet restricted)
rElec   .          Harm     .   j - +0 cloak
rCorr   +          Rampage  .   l - +2 pair of gloves
Will    .....                   m - +0 pair of boots
Stlth   ..........              (no amulet)
HPRegen 0.20/turn               o - ring of resist corrosion
MPRegen 0.10/turn               p - +6 ring of strength

@: lethally poisoned (-4 -> -43)
A: horns 2, retaliatory headbutt
a: no special abilities


You were on level 4 of the Dungeon.
You visited 1 branch of the dungeon, and saw 4 of its levels.

You collected 221 gold pieces.

Inventory:

Hand Weapons
 a - a +0 war axe of venom (weapon)
 f - a +3 broad axe of freezing
Armour
 c - a +0 buckler (worn)
 j - a +0 cloak (worn)
 k - a +0 plate armour (worn)
 l - a +2 pair of gloves (worn)
 m - a +0 pair of boots (worn)
Jewellery
 b - a +6 ring of intelligence
 o - a ring of resist corrosion (left hand)
 p - a +6 ring of strength (right hand)
Scrolls
 e - 2 scrolls of teleportation
Potions
 d - a potion of might
 g - a potion of degeneration
 h - a potion of heal wounds {unknown}
 i - a potion of attraction {unknown}
 n - 6 potions of curing {unknown}
 q - a potion of brilliance {unknown}


   Skills:
 + Level 5.9 Fighting
 * Level 7.1 Axes
 + Level 5.9 Armour
 - Level 3.6 Shields


You had 6 spell levels left.
You didn't know any spells.
Your spell library contained the following spells:

 Spells                   Type           Power      Damage    Failure   Level
 Apportation              Tloc           0%         N/A       100%        1
 Foxfire                  Conj/Fire      0%         2x1d4     100%        1
 Conjure Flame            Conj/Fire      0%         6-21      100%        3
 Inner Flame              Hex/Fire       0%         N/A       100%        3
 Flame Wave               Conj/Fire      0%         2d4       100%        4
 Fulminant Prism          Conj/Hex       0%         3d6       100%        4
 Iskenderun's Mystic Bla  Conj/Tloc      0%         2d3       100%        4
 Alistair's Intoxication  Tmut/Pois      0%         N/A       100%        5
 Lee's Rapid Deconstruct  Erth           0%         3d5*      100%        5


Dungeon Overview and Level Annotations

Branches:
Dungeon (4/15)             Temple (0/1) D:4

Altars:
Fedhas
Vehumet


Innate Abilities, Weirdness & Mutations

You have a pair of horns on your head.
You reflexively headbutt those who attack you in melee.


Message History

There is a stone staircase leading down here.
You see here a +0 club.
You now have 221 gold pieces (gained 10).
A gnoll sergeant is nearby!
The gnoll sergeant shouts!
You hear a shout! x2
The gnoll sergeant closely misses you.
The gnoll sergeant hits you with a +5 spear of venom!
You are poisoned.
You slash the gnoll sergeant!
The gnoll sergeant is poisoned.
The gnoll sergeant is moderately wounded.
You feel very sick.
The gnoll sergeant hits you with a +5 spear of venom.
You are more poisoned.
The gnoll sergeant blocks your attack.
The gnoll sergeant is moderately wounded.
You feel very sick.
The gnoll sergeant hits you with a +5 spear of venom!
You are too injured to fight recklessly!
You are too injured to fight recklessly!
You are too injured to fight recklessly!
The gnoll sergeant blocks your attack.
The gnoll sergeant is moderately wounded.
* * * LOW HITPOINT WARNING * * *
You feel very sick.
The gnoll sergeant hits you but does no damage.
You are lethally poisoned!
The gnoll sergeant blocks your attack.
The gnoll sergeant is moderately wounded.
* * * LOW HITPOINT WARNING * * *
You feel very sick.
The gnoll sergeant hits you with a +5 spear of venom.
* * * LOW HITPOINT WARNING * * *
You are more poisoned.
The gnoll sergeant hits you with a +5 spear of venom.
* * * LOW HITPOINT WARNING * * *
You are more poisoned.
It was a potion of degeneration.
There was something very wrong with that liquid.
You feel weakened.
You feel dopey.
You feel clumsy.
You die...

***...,,,,,....#.._..#..#*,#
* *#.#*******#.#.....#..##.#
** #.###### #.#..)..#.....*
,* #.#....# #.###'###..#***
** #.#.##.# #.........## *
#.#.##.# #...###..##
#.#.##.# #...# #..#
####....#.######g# #..#
..............##@# #..#
######..#.###.##.# #..#
######..#.# #.##.# #..#
......>.#)# #.##.# #..#
.######.#)# #.##.# #..# ##
##.#)###.##.###..#
#..()......)>....#
#.#........####.##
#...######...)).#


You could see a gnoll sergeant (very poisoned).

Vanquished Creatures
  Duvessa (D:4)
  A black bear (D:3)
  A scorpion (D:3)
  Dowan (D:4)
  A centaur skeleton (D:4)
  Crazy Yiuf (D:3)
  A gnoll shaman (D:4)
  Terence (D:3)
  7 adders
  8 gnolls (D:4)
  An ufetubus (D:3)
  A worm (D:3)
  7 ball pythons
  9 endoplasms
  4 giant cockroaches
  6 goblins
  9 hobgoblins
  12 jackals
  3 kobolds
  2 quokkas
  6 bats
  5 frilled lizards
  3 rats
91 creatures vanquished.

Notes
Turn   | Place    | Note
-------+----------+-------------------------------------------
     0 | D:1      | quixfox the Minotaur Fighter began the quest for the Orb.
     0 | D:1      | Reached XP level 1. HP: 19/19 MP: 0/0
   135 | D:1      | Reached skill level 3 in Axes
   135 | D:1      | Reached XP level 2. HP: 24/27 MP: 1/1
   854 | D:2      | Reached XP level 3. HP: 32/33 MP: 2/2
  1055 | D:2      | Found a blossoming altar of Fedhas.
  1411 | D:2      | Reached skill level 4 in Axes
  1662 | D:3      | Reached XP level 4. HP: 40/40 MP: 3/3
  1708 | D:3      | Noticed a scorpion
  1714 | D:3      | Identified a scroll of acquirement
  1714 | D:3      | Acquired a +2 broad axe of freezing
  1889 | D:3      | Found a runed translucent door.
  1890 | D:3      | Noticed Crazy Yiuf
  1955 | D:3      | Noticed Terence
  1958 | D:3      | Killed Terence
  2036 | D:3      | Killed a scorpion
  2037 | D:3      | Reached skill level 5 in Axes
  2037 | D:3      | Reached XP level 5. HP: 47/47 MP: 4/4
  2444 | D:3      | Killed Crazy Yiuf
  2692 | D:4      | Noticed a black bear
  2697 | D:4      | Reached skill level 5 in Armour
  2759 | D:4      | Noticed Duvessa
  2767 | D:3      | Reached skill level 5 in Fighting
  2775 | D:3      | Killed a black bear
  2776 | D:3      | Reached XP level 6. HP: 53/56 MP: 5/5
  2789 | D:4      | Killed Duvessa
  2790 | D:4      | Reached skill level 6 in Axes
  2990 | D:4      | Reached XP level 7. HP: 62/62 MP: 6/6
  3146 | D:4      | Found a radiant altar of Vehumet.
  3148 | D:4      | Noticed Dowan
  3153 | D:4      | Killed Dowan
  3154 | D:4      | Reached skill level 7 in Axes
  3207 | D:4      | Succumbed to a gnoll sergeant's poison

Illustrated notes

Levels and vault maps discovered:
D:1:      dpeg_arrival_ternary, layout_basic
D:2:      layout_basic, basic_altar, kennysheep_small_spiral
D:3:      layout_basic, serial_park_tiny_2, uniq_crazy_yiuf_cottage,
          uniq_terence
D:4:      layout_loops_ring, amcnicky_altar_gilded,
          minmay_temple_entry_large_hall, uniq_duvessa

Skill      XL: |  1  2  3  4  5  6  7 |
---------------+----------------------+-----
Axes           | 3 4 5 6 7 |  7.1
Armour         | 4 5 |  5.9
Fighting       | 4 5 |  5.9
Shields        | |  3.6

Action                   |  1- 3 |  4- 6 |  7- 9 || total
-------------------------+-------+-------+-------++-------
Melee: War axe           |    93 |    65 |    27 ||   185
       Headbutt          |    11 |    11 |     4 ||    26
  Use: Scroll            |       |     8 |       ||     8
       Potion            |       |     1 |     1 ||     2
Armor: Scale mail        |    11 |       |       ||    11
       Chain mail        |    55 |       |       ||    55
       Plate armour      |       |    52 |    14 ||    66
Dodge: Dodged            |    33 |    32 |     5 ||    70
Block: Buckler           |    17 |    18 |     6 ||    41
